TOP OF THE 1ST |
Hartford Yard Goats batting - Pitching for West Virginia Power : LHP Stan Stirnweiss
|
Pitching: LHP Stan Stirnweiss
|
|
Batting: RHB Ryan Rinaldi
|
0-0: Called Strike 0-1: Ball 1-1: Foul Ball, location: 2F 1-2: Ball 2-2: Ball 3-2: Base on Balls
|
Batting: SHB Andy Vivas
|
0-0: Foul Ball, location: 2F 0-1: Fielders Choice at 2nd, 5-4 (Groundball, 56, EV 80.6 MPH)
|
Batting: RHB Ernest Olkowicz
|
0-0: Called Strike 0-1: Swinging Strike 0-2: Ball 1-2: Foul Ball, location: 2F 1-2: Strikes out swinging
|
Batting: RHB Andy Solorzano
|
0-0: Called Strike 0-1: Ball 1-1: Ground out 4-3 (Groundball, 4, EV 100.6 MPH)
|
Top of the 1st over - 0 runs, 0 hits, 0 errors, 1 left on base; Hartford 0 - West Virginia 0 |
BOTTOM OF THE 1ST |
West Virginia Power batting - Pitching for Hartford Yard Goats : LHP Jared Lummus
|
Pitching: LHP Jared Lummus
|
|
Batting: LHB Joe Hoover
|
0-0: SINGLE (Groundball, 15S, EV 66.9 MPH) (infield hit)
|
Batting: RHB Richard Barrios
|
0-0: Ball 1-0: Ball 2-0: Grounds into double play, 5-4-3 (Groundball, 56, EV 89.4 MPH)
|
Batting: RHB Freddy Quintero
|
0-0: Foul Ball, location: 2F 0-1: Ball 1-1: Ball 2-1: SOLO HOME RUN (Flyball, 78XD, EV 100.6 MPH), Distance : 402 ft
|
Batting: SHB Mike Corley
|
0-0: Swinging Strike 0-1: Ball 1-1: Foul Ball, location: 2F 1-2: Ball 2-2: Strikes out swinging
|
Bottom of the 1st over - 1 run, 2 hits, 0 errors, 0 left on base; Hartford 0 - West Virginia 1 |
TOP OF THE 2ND |
Hartford Yard Goats batting - Pitching for West Virginia Power : LHP Stan Stirnweiss
|
Batting: LHB Steve Gilliam
|
0-0: Foul Ball, location: 2F 0-1: SINGLE (Line Drive, 6MD, EV 98.8 MPH)
|
Batting: LHB Michael Krott
|
0-0: Ball Steve Gilliam steals 2nd base (no throw) 1-0: Ball 2-0: Ball 3-0: Called Strike 3-1: Foul Ball, location: 2F 3-2: Foul Ball, location: 2F 3-2: Strikes out swinging
|
Batting: LHB Zack Guillen
|
0-0: Ball Steve Gilliam steals 3rd base 1-0: Foul Ball, location: 2F 1-1: Ground out U3 (Groundball, 3, EV 91.2 MPH)
|
Batting: RHB Steve Waltenbery
|
0-0: Foul Ball, location: 2F 0-1: Foul Ball, location: 2F 0-2: Foul Ball, location: 2F 0-2: Ball 1-2: Fly out, F8 (Flyball, 8LD, EV 98.8 MPH)
|
Top of the 2nd over - 0 runs, 1 hit, 0 errors, 1 left on base; Hartford 0 - West Virginia 1 |
BOTTOM OF THE 2ND |
West Virginia Power batting - Pitching for Hartford Yard Goats : LHP Jared Lummus
|
Batting: RHB Tom Primmer
|
0-0: Ball 1-0: SOLO HOME RUN (Flyball, 7LD, EV 96.2 MPH), Distance : 353 ft
|
Batting: LHB Donald Imre
|
0-0: Ground out 6-3 (Groundball, 6, EV 101.9 MPH)
|
Batting: RHB Jose Lozano
|
0-0: SINGLE (Line Drive, 8RS, EV 97.5 MPH)
|
Batting: RHB Mike Velazquez
|
0-0: Ball 1-0: Ball 2-0: Called Strike 2-1: SINGLE (Groundball, 25, EV 62.5 MPH) (infield hit) Jose Lozano to second
|
Batting: RHB Roberto Guzman
|
0-0: 3-RUN HOME RUN (Flyball, 7LD, EV 93.8 MPH), Distance : 335 ft
|
Batting: LHB Joe Hoover
|
0-0: Swinging Strike 0-1: Foul Ball, location: 2F 0-2: Ball 1-2: Ball 2-2: Foul Ball, location: 2F 2-2: Ground out 4-3 (Groundball, 4, EV 86.9 MPH)
|
Batting: RHB Richard Barrios
|
0-0: Called Strike 0-1: Ball 1-1: Fly out, F8 (Flyball, 78M, EV 95.6 MPH)
|
Bottom of the 2nd over - 4 runs, 4 hits, 0 errors, 0 left on base; Hartford 0 - West Virginia 5 |
TOP OF THE 3RD |
Hartford Yard Goats batting - Pitching for West Virginia Power : LHP Stan Stirnweiss
|
Batting: RHB Yamashita Yagi
|
0-0: Ball 1-0: Swinging Strike 1-1: Foul Ball, location: 2F 1-2: Foul Ball, location: 2F 1-2: Strikes out swinging
|
Batting: RHB Ryan Rinaldi
|
0-0: Fly out, F7 (Flyball, 7S, EV 93.8 MPH)
|
Batting: SHB Andy Vivas
|
0-0: Called Strike 0-1: Ball 1-1: Ball 2-1: Ball 3-1: Base on Balls
|
Batting: RHB Ernest Olkowicz
|
0-0: SINGLE (Groundball, 6S, EV 63.8 MPH) (infield hit) Andy Vivas to second
|
Batting: RHB Andy Solorzano
|
0-0: Fly out, F8 (Flyball, 8LXD, EV 92.5 MPH)
|
Top of the 3rd over - 0 runs, 1 hit, 0 errors, 2 left on base; Hartford 0 - West Virginia 5 |
BOTTOM OF THE 3RD |
West Virginia Power batting - Pitching for Hartford Yard Goats : LHP Jared Lummus
|
Batting: RHB Freddy Quintero
|
0-0: Ball 1-0: Ball 2-0: Called Strike 2-1: Ball 3-1: Base on Balls
|
Batting: SHB Mike Corley
|
0-0: Called Strike 0-1: Foul Ball, location: 2F 0-2: Ball 1-2: Ball 2-2: Foul Ball, location: 2F 2-2: Foul Ball, location: 2F 2-2: Foul Ball, location: 2F 2-2: Foul Ball, location: 2F 2-2: Foul Ball, location: 2F 2-2: Ball 3-2: SINGLE (Line Drive, 8LS, EV 93.1 MPH) Freddy Quintero to second
|
Pitching: LHP Ruben Nunez
|
|
Batting: RHB Tom Primmer
|
0-0: Foul Ball, location: 2F 0-1: Called Strike 0-2: Ball 1-2: Ball 2-2: Foul Ball, location: 2F 2-2: Ball 3-2: Strikes out swinging
|
Batting: LHB Donald Imre
|
0-0: Called Strike 0-1: Swinging Strike 0-2: Ball 1-2: Strikes out swinging
|
Batting: RHB Jose Lozano
|
0-0: Ground out 4-3 (Groundball, 34, EV 85.6 MPH)
|
Bottom of the 3rd over - 0 runs, 1 hit, 0 errors, 2 left on base; Hartford 0 - West Virginia 5 |
TOP OF THE 4TH |
Hartford Yard Goats batting - Pitching for West Virginia Power : LHP Stan Stirnweiss
|
Batting: LHB Steve Gilliam
|
0-0: Ball 1-0: SINGLE (Line Drive, 56, EV 107.5 MPH)
|
Batting: LHB Michael Krott
|
0-0: Swinging Strike 0-1: Foul Ball, location: 2F 0-2: Foul Ball, location: 2F 0-2: Ball 1-2: Foul Ball, location: 2F 1-2: Ball 2-2: Grounds into double play, 4-6-3 (Groundball, 4S, EV 85.6 MPH)
|
Batting: LHB Zack Guillen
|
0-0: Ball 1-0: Ball 2-0: Called Strike 2-1: Swinging Strike 2-2: Ball 3-2: Strikes out swinging
|
Top of the 4th over - 0 runs, 1 hit, 0 errors, 0 left on base; Hartford 0 - West Virginia 5 |
BOTTOM OF THE 4TH |
West Virginia Power batting - Pitching for Hartford Yard Goats : LHP Ruben Nunez
|
Batting: RHB Mike Velazquez
|
0-0: Ground out 1-3 (Groundball, 13S, EV 68.1 MPH)
|
Batting: RHB Roberto Guzman
|
0-0: Called Strike 0-1: Swinging Strike 0-2: Ground out 2-3 (Groundball, 15S, EV 68.1 MPH)
|
Batting: LHB Joe Hoover
|
0-0: Called Strike 0-1: Ball 1-1: Ball 2-1: Foul Ball, location: 2F 2-2: Ball 3-2: Strikes out swinging
|
Bottom of the 4th over - 0 runs, 0 hits, 0 errors, 0 left on base; Hartford 0 - West Virginia 5 |
TOP OF THE 5TH |
Hartford Yard Goats batting - Pitching for West Virginia Power : LHP Stan Stirnweiss
|
Batting: RHB Steve Waltenbery
|
0-0: Ball 1-0: Foul Ball, location: 2F 1-1: Ball 2-1: Ball 3-1: Fly out, F8 (Flyball, 8RM, EV 88.8 MPH)
|
Batting: RHB Yamashita Yagi
|
0-0: Ball 1-0: Ball 2-0: Fly out, F2 (Popup, 2R, EV 90.6 MPH)
|
Batting: RHB Ryan Rinaldi
|
0-0: Ball 1-0: Ball 2-0: SINGLE (Flyball, 34D, EV 87.5 MPH)
|
Batting: SHB Andy Vivas
|
0-0: Called Strike 0-1: Ball 1-1: Swinging Strike 1-2: Ball 2-2: Foul Ball, location: 2F 2-2: Strikes out swinging
|
Top of the 5th over - 0 runs, 1 hit, 0 errors, 1 left on base; Hartford 0 - West Virginia 5 |
BOTTOM OF THE 5TH |
West Virginia Power batting - Pitching for Hartford Yard Goats : LHP Ruben Nunez
|
Batting: RHB Richard Barrios
|
0-0: Ball 1-0: Called Strike 1-1: Ball 2-1: SINGLE (Flyball, 78S, EV 83.1 MPH)
|
Batting: RHB Freddy Quintero
|
0-0: Ball 1-0: Called Strike 1-1: Called Strike Richard Barrios is caught stealing 2nd base 2-4 1-2: Fly out, F9 (Flyball, 89M, EV 88.8 MPH)
|
Batting: SHB Mike Corley
|
0-0: Swinging Strike 0-1: Ball 1-1: Swinging Strike 1-2: Strikes out swinging
|
Bottom of the 5th over - 0 runs, 1 hit, 0 errors, 0 left on base; Hartford 0 - West Virginia 5 |
TOP OF THE 6TH |
Hartford Yard Goats batting - Pitching for West Virginia Power : LHP Stan Stirnweiss
|
Batting: RHB Ernest Olkowicz
|
0-0: Foul Ball, location: 2F 0-1: Ball 1-1: DOUBLE (Line Drive, 9LS, EV 106.2 MPH)
|
Batting: RHB Andy Solorzano
|
0-0: Foul Ball, location: 2F 0-1: Ball 1-1: Called Strike 1-2: Foul Ball, location: 2F 1-2: Ball 2-2: Fly out, F8 (Flyball, 8RD, EV 97.5 MPH)
|
Batting: LHB Steve Gilliam
|
0-0: SINGLE (Flyball, 34D, EV 93.8 MPH) Ernest Olkowicz to third
|
Batting: LHB Michael Krott
|
0-0: Ball 1-0: Fly out, F7 (Flyball, 7S, EV 86.2 MPH)
|
Batting: LHB Zack Guillen
|
0-0: Ball 1-0: Foul Ball, location: 2F 1-1: Ball 2-1: Foul Ball, location: 2F 2-2: DOUBLE (Line Drive, 7LS, EV 104.4 MPH) Ernest Olkowicz scores Steve Gilliam to third
|
Batting: RHB Steve Waltenbery
|
0-0: Fly out, F8 (Line Drive, 8RM, EV 92.5 MPH)
|
Top of the 6th over - 1 run, 3 hits, 0 errors, 2 left on base; Hartford 1 - West Virginia 5 |
BOTTOM OF THE 6TH |
West Virginia Power batting - Pitching for Hartford Yard Goats : LHP Ruben Nunez
|
Batting: RHB Tom Primmer
|
0-0: Called Strike 0-1: Foul Ball, location: 2F 0-2: Ball 1-2: Ball 2-2: Ball 3-2: Foul Ball, location: 2F 3-2: Foul Ball, location: 2F 3-2: Foul Ball, location: 2F 3-2: Ground out 3-1 (Groundball, 13, EV 86.9 MPH)
|
Batting: LHB Donald Imre
|
0-0: Called Strike 0-1: Called Strike 0-2: Ball 1-2: Ground out U3 (Groundball, 3, EV 105.0 MPH)
|
Batting: RHB Jose Lozano
|
0-0: Reached on error, E5 (Groundball, 56S, EV 92.5 MPH)
|
Batting: RHB Mike Velazquez
|
0-0: Called Strike 0-1: Ball 1-1: Swinging Strike 1-2: Ball 2-2: Ball 3-2: Foul Ball, location: 2F 3-2: Fly out, F3 (Popup, 3S, EV 71.9 MPH)
|
Bottom of the 6th over - 0 runs, 0 hits, 1 error, 1 left on base; Hartford 1 - West Virginia 5 |
TOP OF THE 7TH |
Hartford Yard Goats batting - Pitching for West Virginia Power : LHP Stan Stirnweiss
|
Batting: RHB Yamashita Yagi
|
0-0: Called Strike 0-1: Ball 1-1: Fly out, F8 (Flyball, 8RD, EV 108.8 MPH)
|
Batting: RHB Ryan Rinaldi
|
0-0: Ball 1-0: Foul Ball, location: 2F 1-1: Ball 2-1: Foul Ball, location: 2F 2-2: Ball 3-2: Ground out 4-3 (Groundball, 4, EV 103.8 MPH)
|
Batting: SHB Andy Vivas
|
0-0: Ball 1-0: Foul Ball, location: 2F 1-1: Ball 2-1: Called Strike 2-2: Foul Ball, location: 2F 2-2: Strikes out swinging
|
Top of the 7th over - 0 runs, 0 hits, 0 errors, 0 left on base; Hartford 1 - West Virginia 5 |
BOTTOM OF THE 7TH |
West Virginia Power batting - Pitching for Hartford Yard Goats : LHP Ruben Nunez
|
Pitching: RHP Adrian de la Cerda
|
|
Batting: RHB Roberto Guzman
|
0-0: Ball 1-0: Foul Ball, location: 2F 1-1: Called Strike 1-2: Ball 2-2: Strikes out swinging
|
Batting: LHB Joe Hoover
|
0-0: Ball 1-0: Foul Ball, location: 2F 1-1: Ball 2-1: Foul Ball, location: 2F 2-2: Ground out 4-3 (Groundball, 34, EV 81.9 MPH)
|
Batting: RHB Richard Barrios
|
0-0: Called Strike 0-1: Swinging Strike 0-2: Ball 1-2: Foul Ball, location: 2F 1-2: Foul Ball, location: 2F 1-2: Ball 2-2: Ball 3-2: SINGLE (Groundball, 5D, EV 96.9 MPH)
|
Batting: RHB Freddy Quintero
|
0-0: Ball 1-0: Called Strike 1-1: Called Strike 1-2: Fly out, F8 (Flyball, 8RD, EV 90.6 MPH)
|
Bottom of the 7th over - 0 runs, 1 hit, 0 errors, 1 left on base; Hartford 1 - West Virginia 5 |
TOP OF THE 8TH |
Hartford Yard Goats batting - Pitching for West Virginia Power : LHP Stan Stirnweiss
|
Pitching: LHP Latrell Tisdale
|
|
Batting: RHB Ernest Olkowicz
|
0-0: Ball 1-0: Ball 2-0: Fly out, F7 (Flyball, 7D, EV 85.6 MPH)
|
Batting: RHB Andy Solorzano
|
0-0: Ball 1-0: Ball 2-0: Ball 3-0: Base on Balls
|
Batting: LHB Steve Gilliam
|
0-0: Ball 1-0: Ball 2-0: Ball 3-0: Called Strike 3-1: Swinging Strike Passed Ball! Andy Solorzano to second 3-2: Strikes out swinging
|
Batting: LHB Michael Krott
|
0-0: Ball 1-0: Foul Ball, location: 2F 1-1: Swinging Strike 1-2: Foul Ball, location: 2F 1-2: Strikes out swinging
|
Top of the 8th over - 0 runs, 0 hits, 0 errors, 1 left on base; Hartford 1 - West Virginia 5 |
BOTTOM OF THE 8TH |
West Virginia Power batting - Pitching for Hartford Yard Goats : RHP Adrian de la Cerda
|
Pitching: RHP Mike Clark
|
|
Batting: SHB Mike Corley
|
0-0: DOUBLE (Flyball, 78XD, EV 96.9 MPH)
|
Batting: RHB Tom Primmer
|
0-0: Swinging Strike 0-1: Foul Ball, location: 2F 0-2: Strikes out swinging
|
Batting: LHB Donald Imre
|
0-0: Swinging Strike 0-1: Ball 1-1: Foul Ball, location: 2F 1-2: Ball 2-2: Foul Ball, location: 2F 2-2: Ground out 6-3 (Groundball, 6, EV 91.9 MPH) Mike Corley to third
|
Batting: RHB Jose Lozano
|
0-0: Ball 1-0: Ball 2-0: Ground out 6-3 (Groundball, P, EV 84.4 MPH)
|
Bottom of the 8th over - 0 runs, 1 hit, 0 errors, 1 left on base; Hartford 1 - West Virginia 5 |
TOP OF THE 9TH |
Hartford Yard Goats batting - Pitching for West Virginia Power : LHP Latrell Tisdale
|
Pitching: RHP Steve Kane
|
|
Batting: LHB Zack Guillen
|
0-0: Called Strike 0-1: Swinging Strike 0-2: Foul Ball, location: 2F 0-2: Ball 1-2: Strikes out looking
|
Batting: RHB Steve Waltenbery
|
0-0: Called Strike 0-1: Called Strike 0-2: Ball 1-2: SINGLE (Flyball, 4MD, EV 88.8 MPH)
|
Batting: RHB Yamashita Yagi
|
0-0: Called Strike 0-1: Swinging Strike 0-2: Foul Ball, location: 2F 0-2: Foul Ball, location: 2F 0-2: Strikes out swinging
|
Batting: RHB Ryan Rinaldi
|
0-0: Ball 1-0: Ball 2-0: Ball 3-0: Base on Balls Steve Waltenbery to second
|
Batting: SHB Andy Vivas
|
0-0: Ball 1-0: Ball 2-0: Ball 3-0: Called Strike 3-1: Foul Ball, location: 2F 3-2: Strikes out swinging
|
Top of the 9th over - 0 runs, 1 hit, 0 errors, 2 left on base; Hartford 1 - West Virginia 5 |
|